 Dungeon Sprint DCSS version 0.31-a0-18-gea43df2a32 (webtiles) character file.

Game seed: 14010678820315452038

1173 sircluck the Grappler (level 8, -3/138 HPs)
             Began as a Troll Berserker on May 10, 2023.
             Was a Priest of Trog.
             Slain by a skeletal warrior
             ... wielding a +0 glaive
              (23 damage)
             ... in the Dungeon (Sprint II: "The Violet Keep of Menkaure").
             The game lasted 00:02:25 (324 turns).

sircluck the Grappler (Troll Berserker)              Turns: 324, Time: 00:02:25

Health: -3/138     AC:  0    Str: 28    XL:     8   Next: 18%
Magic:  7/7        EV: 17    Int:  3    God:    Trog [***...]
Gold:   276        SH:  0    Dex:  9    Spells: 7/7 levels left

rFire   . .          .
                       - Unarmed
rCold   . . .        (shield currently unavailable)
rNeg    . . .        a - melded +0 animal skin
rPois   .            (helmet currently unavailable)
rElec   .            (cloak currently unavailable)
rCorr   .            (gloves unavailable)
SInv    .            (boots unavailable)
Will    .....        (no amulet) Stlth
                     h - melded ring of flight
HPRegen 1.23/turn    (ring currently unavailable)
MPRegen 0.10/turn

%: no teleportation
@: berserking (expiring), pig-form, very quick
A: fast, no casting, small, unfitting armour, (claws 3), regeneration 1, (shaggy
fur 1), (tough skin 1)
a: Renounce Religion, Berserk, Trog's Hand


You were in the Dungeon.
You worshipped Trog.
Trog was most pleased with you.
You were a filthy swine.
You visited 1 branch You collected 486 gold pieces.
You spent 210 gold pieces at shops.

Inventory:

Armour
 a - a +0 animal skin (melded)
Jewellery
 h - a ring of flight (melded)
Scrolls
 g - a scroll of blinking
Potions
 b - a potion of curing
 c - a potion of heal wounds
 d - a potion of haste
 e - 2 potions of magic
 f - a potion of berserk rage


   Skills:
 + Level 9.0 Fighting
 + Level 9.0 Dodging
 + Level 11.5 Unarmed Combat


You had 7 spell levels left.
You didn't know any spells.
Your spell library was empty.

Dungeon Overview and Level Annotations

Branches:
Dungeon (1/1)

Altars:

Shops:
D !=:[:*=(!?[[*:*

Annotations:
D exclusion: oklob plant, Kirke


Innate Abilities, Weirdness & Mutations

You are a filthy swine.
You move quickly.
Your equipment is almost entirely melded.
You are incapable of wielding weapons or throwing items.
You cannot cast spells.
You are too large for most types of armour.
((You have claws for hands.))
Your natural rate of healing is unusually fast.
((You are covered in fur. (AC +1)))
((You have tough skin. (AC +1)))


Message History

Your unstable footing causes you to fumble your attack.
Your two-headed ogre barely misses Kirke.
Your two-headed ogre hits Kirke with a +0 giant club!
You barely miss Kirke.
Kirke is heavily wounded.
The kobold demonologist gestures wildly while chanting.
The skeletal warrior hits you from afar with a +0 glaive!!
Kirke barely misses you.
You bite Kirke!
Kirke is heavily wounded.
Your two-headed ogre barely misses Kirke. x2
Your unstable footing causes you to fumble your attack.
The skeletal warrior hits you from afar with a +0 glaive!!!
Kirke says, "Can we stop fighting?
I have some good wine for you..."
Kirke mumbles some strange words.
Send 'em back where they came from!
Trog shields your ally from puny magic!
Your two-headed ogre closely misses Kirke.
Your two-headed ogre hits Kirke with a +0 giant club!!
Your unstable footing causes you to fumble your attack.
The iron imp summons a swarm of flies.
You closely miss Kirke.
Kirke is severely wounded.
The skeletal warrior hits you from afar with a +0 glaive!!
Kirke hits you!
* * * LOW HITPOINT WARNING * * *
Your two-headed ogre closely misses Kirke.
Your two-headed ogre barely misses Kirke.
Your unstable footing causes you to fumble your attack.
The skeletal warrior barely misses you. Kirke hits you!
* * * LOW HITPOINT WARNING * * *
Unknown command.
Your unstable footing causes you to fumble your attack.
Your two-headed ogre hits Kirke with a +0 giant club.
Your two-headed ogre hits Kirke with a +0 giant club!!
Unknown command.
You closely miss Kirke.
Kirke is almost dead.
The skeletal warrior hits you from afar with a +0 glaive!!
You die...

## #.5c#### #5YKz@h##
############O~#+++#+
###########~~~......
##.......∩#~~~~.##+#
##∩.....∩.#~~~~## ##
##.∩...∩.∩#~~~~#.# #.
##∩...∩.∩.#~~### .#. ###
##.∩.∩.∩..#~##.# #†###.##
##..∩.∩...#~#..###.##...#


You could see Kirke (ally target), an elephant, a skeletal warrior, a centaur
warrior, a kobold demonologist, an iron imp (summoned), a crimson imp (summoned)
and a friendly two-headed ogre (summoned, berserk).

Vanquished Creatures
  A merfolk siren (D)
  2 wyverns (D)
  A water moccasin (D)
  4 necrophages (D)
  4 scorpions (D)
12 creatures vanquished.

Vanquished Creatures (others)
  Menkaure (D)
  A water moccasin (D)
2 creatures vanquished.

Grand Total: 14 creatures vanquished

Notes
Turn   | Place    | Note
-------+----------+-------------------------------------------
     0 | D        | sircluck the Troll Berserker began the quest for the Orb.
     0 | D        | Reached XP level 1. HP: 22/22 MP: 0/0
     1 | D        | Noticed a wyvern
     1 | D        | Noticed a wyvern
     5 | D        | Noticed a merfolk siren
    19 | D        | Killed a merfolk siren
    19 | D        | Killed Menkaure
    20 | D        | Reached skill level 8 in Unarmed Combat
    20 | D        | Reached XP level 2. HP: 21/37 MP: 1/1
    20 | D        | Reached XP level 3. HP: 26/45 MP: 2/2
    20 | D        | Reached XP level 4. HP: 31/53 MP: 3/3
    20 | D        | Reached XP level 5. HP: 36/61 MP: 4/4
    20 | D        | Reached XP level 6. HP: 40/68 MP: 5/5
    59 | D        | Reached ** piety under Trog
    64 | D        | Reached skill level 9 in Unarmed Combat
    65 | D        | Reached *** piety under Trog
    66 | D        | Reached XP level 7. HP: 79/79 MP: 6/6
    74 | D        | Reached skill level 10 in Unarmed Combat
   117 | D        | Reached **** piety under Trog
   129 | D        | Found Uvomm's Distillery.
   129 | D        | Found Ywaqanot's Antique Armour Emporium.
   129 | D        | Found Buruhauw's Jewellery Shoppe.
   129 | D        | Found Xuna's Assorted Antiques.
   129 | D        | Found Ivataiz's Antique Weapon Shoppe.
   129 | D        | Found Poll's General Store.
   129 | D        | Found Ippiu's Magic Scroll Shoppe.
   129 | D        | Found Nuenwa's Antique Armour Shoppe.
   129 | D        | Found Zuys Fod's Book Shoppe.
   130 | D        | Found Sipiy's Assorted Antiques.
   132 | D        | Found Tisoonur's Book Emporium.
   132 | D        | Found Baituqo's Antique Armour Shoppe.
   132 | D        | Noticed a fire dragon
   132 | D        | Noticed an oklob plant
   144 | D        | Killed a wyvern
   146 | D        | Killed a wyvern
   147 | D        | Reached skill level 11 in Unarmed Combat
   147 | D        | Reached XP level 8. HP: 58/91 MP: 7/7
   184 | D        | Found Gosazynigu's Jewellery Shoppe.
   184 | D        | Found Muaf's Distillery.
   184 | D        | Found Purphayt's Book Shoppe.
   205 | D        | Noticed a hell hog
   205 | D        | Noticed a hell hog
   228 | D        | Bought a ring of flight for 210 gold pieces
   311 | D        | Noticed an elephant
   311 | D        | Noticed a centaur warrior
   311 | D        | Noticed Kirke
   311 | D        | Noticed a yaktaur captain
   311 | D        | Noticed a kobold demonologist
   312 | D        | Noticed a skeletal warrior
   324 | D        | Slain by a skeletal warrior

Illustrated notes

Levels and vault maps discovered:
D:        the_violet_keep_of_menkaure [sprint2_stairs_cluster_1,
          sprint2_shoproom, sprint2_temple, sprint2_basic_supplies,
          sprint2_obstacle_1, sprint2_obstacle_7, sprint2_obstacle_3,
          sprint2_obstacle_5, sprint2_obstacle_6, sprint2_timed_cluster_1,
          sprint2_smallroom_cluster_1, sprint2_smallroom_final_cluster_1,
          sprint2_transparent_cluster_1, sprint2_second_timed_cluster_1,
          sprint2_sniper_area_1, sprint2_heavy_combat_area_1,
          sprint2_mutation_trap_area_1, sprint2_forest_area_1,
          sprint2_light_combat_area_1, sprint2_behind_water_1,
          sprint2_near_end_vault_1]

Skill      XL: |  1  2  3  4  5  6  7  8 |
---------------+-------------------------+-----
Fighting       | 6 7 8 9 |  9.0
Dodging        | 6 7 8 9 |  9.0
Unarmed Combat | 8 9 11 | 11.5

Action                     |  1- 3 |  4- 6 |  7- 9 || total
---------------------------+-------+-------+-------++-------
  Melee: Unarmed           |    12 |     9 |    35 ||    56
         Punch             |       |       |     3 ||     3
 Invoke: Berserk           |       |       |     2 ||     2
         Brothers in Arms  |       |       |     1 ||     1
 Armour: Animal skin       |       |     3 |     4 ||     7
  Dodge: Dodged            |     1 |     2 |    12 ||    15

Table legend: (Time is in decaauts)
 A = Elapsed time spent in this place.
 B = Non-inter-level travel time spent in this place.
 C = Inter-level travel time spent in this place.
 D = Time resting spent in this place.
 E = Time spent auto-exploring this place.
 F = Levels seen in this place.
 G = Mean time per level.
                   A        B        C        D        E       F      G
               +--------+--------+--------+--------+--------+-----+--------+
         Total |    322 |    310 |     12 |     70 |    101 |   1 |  322.0 |
       Dungeon |    322 |    310 |     12 |     70 |    101 |   1 |  322.0 |
               +--------+--------+--------+--------+--------+-----+--------+

Top non-repeatable levels by time:
       D: 322 daAuts
